 Dungeon Crawl Stone Soup version 0.29.0-4-gdea44cf6ec (webtiles) character file.

Game seed: 1624782945944173069

167738 qw the Tortoise (level 17, -4/159 HPs)
             Began as a Minotaur Berserker on Sept 9, 2022.
             Was an Elder of Trog.
             Killed by Olgreb's Toxic Radiance
             ... invoked by a naga ritualist
              (6 damage)
             ... on level 2 of the Snake Pit.
             The game lasted 00:11:47 (38784 turns).

qw the Tortoise (Minotaur Berserker)               Turns: 38784, Time: 00:11:48

Health: -4/159     AC: 34    Str: 33    XL:     17   Next: 32%
Magic:  16/16      EV: 10    Int:  4    God:    Trog [****..]
Gold:   1430       SH: 19    Dex: 13    Spells: 16/16 levels left

rFire   + + +      SeeInvis .   c - +2 broad axe (flame)
rCold   . . .      Faith    .   i - +0 tower shield
rNeg    . . .      Spirit   .   w - +1 crystal plate armour of Distant Worlds {+Inv rElec Will-}
rPois   x          Reflect  .   (helmet restricted)
rElec   +          Harm     .   g - -1 cloak "Aruoq" {-Cast Rampage rElec rF+++}
rCorr   +          Rampage  +   s - +2 pair of gloves
Will    .....      NoCast   +   r - +1 pair of boots {Fly}
Stlth   ..........              (no amulet)
HPRegen 0.36/turn               u - ring of Ideex {rF+ rCorr Str+6}
MPRegen 0.15/turn               n - +4 ring of evasion

@: lethally poisoned (-4 -> -47), marked, poison vulnerable, on berserk
cooldown, flying, slowed, constricted, very slow
A: horns 2, retaliatory headbutt
a: Renounce Religion, Evoke Invisibility, Berserk, Trog's Hand, Brothers in Arms


You were on level 2 of the Snake Pit.
You worshipped Trog.
Trog was greatly pleased with you.
You visited 5 branches of the dungeon, and saw 27 of its levels.

You collected 2872 gold pieces.
You spent 1442 gold pieces at shops.


Innate Abilities, Weirdness & Mutations

You have a pair of horns on your head.
You reflexively headbutt those who attack you in melee.


   Skills:
 - Level 16.4 Fighting
 - Level 18.0 Axes
 - Level 9.0 Throwing
 - Level 18.8 Armour
 - Level 8.0 Dodging
 + Level 16.5 Shields


You had 16 spell levels left.
You didn't know any spells.
Your spell library was empty.

Inventory:

Hand Weapons
 c - a +2 broad axe of flaming (weapon)
Missiles
 a - 2 silver javelins (quivered)
 e - 3 javelins
 l - 2 silver boomerangs
 t - 27 boomerangs
Armour
 g - the -1 cloak "Aruoq" (worn) {-Cast Rampage rElec rF+++}
   (You acquired it on level 8 of the Dungeon)

   rF:        It renders you almost immune to fire.
   rElec:     It insulates you from electricity.
   -Cast:     It prevents spellcasting.
   Rampage:   It bestows one free step when moving towards enemies.
 h - a +1 plate armour of fire resistance
 i - a +0 tower shield (worn)
 q - a +0 cloak
 r - a +1 pair of boots of flying (worn)
 s - a +2 pair of gloves (worn)
 w - the +1 crystal plate armour of Distant Worlds (worn) {+Inv rElec Will-}
   (You acquired it on level 2 of the Shoals)

   rElec:     It insulates you from electricity.
   +Inv:      It lets you turn invisible.
   Will:      It decreases your willpower.
Jewellery
 n - a +4 ring of evasion (right hand)
 u - the ring of Ideex (left hand) {rF+ rCorr Str+6}
   (You bought it in a shop on level 2 of the Orcish Mines)

   [ring of strength]

   Str:       It affects your strength (+6).
   rF:        It protects you from fire.
   rCorr:     It protects you from acid and corrosion.
 x - a ring of see invisible
Scrolls
 k - 13 scrolls of identify
Potions
 b - 9 potions of curing
 d - 2 potions of resistance
 f - 3 potions of mutation
 j - 2 potions of heal wounds
 m - 3 potions of haste
 p - 6 potions of might
 v - a potion of cancellation

Dungeon Overview and Level Annotations

Branches:
Dungeon (15/15)            Temple (0/1) D:6            Lair (5/5) D:10
 Shoals (3/4) Lair:2        Snake (2/4) Lair:3        Slime (0/5) Lair:5
    Orc (2/2) D:10            Elf (0/3) Orc:2        Vaults (0/5) D:13
 Depths (0/4) D:15

Altars:
Ashenzari
Elyvilon
Hepliaklqana
Kikubaaqudgha
Nemelex Xobeh
Ru
Sif Muna
Trog
Vehumet
Wu Jian
Xom
Yredelemnul
Jiyva

Shops:
D:3 [   D:11 *   D:15 :   Orc:2 (*((

Portals:
Trove: D:13 (lose all piety)

Annotations:
Lair:1 3 runed translucent doors, qw's ghost, novice MiFi


Message History

You block the splash of poison.
The black mamba bites you but does no damage.
38783 ||| DRINKING 4 potions of heal wounds.
You feel much better.
You feel extremely sick.
You are more poisoned. x2
You block the black mamba's attack.
The black mamba bites you but does no damage. x2
A black mamba comes into view.
You block the black mamba's attack. You block the naga's attack.
The black mamba bites you!
You are more poisoned.
The black mamba poisons you!
The naga sharpshooter shoots an arrow.
The arrow hits you! The naga ritualist spits poison at you.
The splash of poison misses you. The naga ritualist constricts you.
The black mamba bites you but does no damage.
The naga hits you from afar with a +0 glaive.
You block the black mamba's attack.
38784 ||| DRINKING 3 potions of heal wounds.
You feel much better.
You feel extremely sick.
You are more poisoned.
The naga ritualist's toxic aura wanes.
The black mamba bites you but does no damage.
You block the black mamba's attack. x3
The black mamba bites you but does no damage. x2
The black mamba closely misses you. You furiously retaliate!
You headbutt the black mamba!
The naga sharpshooter casts a spell.
The naga sharpshooter magically shoots an arrow.
The arrow hits you but does no damage.
The naga ritualist hits you with a +0 hand axe.
The naga ritualist constricts you. The black mamba closely misses you.
You furiously retaliate!
You headbutt the black mamba! The naga hits you but does no damage.
You block the black mamba's attack.
The black mamba bites you but does no damage.
The naga ritualist mumbles some strange prayers to its god.
The naga ritualist begins to radiate toxic energy.
You die...

......## #......###
#..........##
##........##............
##.....................
##...................
###........S....... #
#.........N...... ##
##......¤NSN...... ##.
.###........S@N......
##..
............SS......#
##...
...................##
##....
.................###
##.....
...............###
##......
........########
###......# ........#
###.......## .....)..##
###.......>## .........#
#####........###


You could see a naga sharpshooter, 2 naga ritualists, 5 black mambas and a naga.

Vanquished Creatures
  A kraken (Shoals:3)
  Kirke (D:13)
  An orc warlord (Orc:2)
  Louise (Snake:1)
  Aizul (Snake:1)
  3 dire elephants (Lair:5)
  4 merfolk javelineers
  4 merfolk impalers
  Fannar (D:12)
  3 hydras
  2 ice dragons (D:15)
  3 catoblepae
  9 vault guards (D:13)
  3 boulder beetles
  5 centaur warriors
  A merfolk avatar (Shoals:3)
  A merfolk aquamancer (Shoals:3)
  An anaconda (Snake:2)
  5 naga warriors
  A satyr (Shoals:2)
  A tengu warrior (D:14)
  2 naga sharpshooters
  An orc high priest (Orc:1)
  2 shock serpents (Snake:1)
  Urug (D:13)
  A spectral death yak (Lair:5)
  14 sea snakes
  Lodul (D:11)
  A spectral anaconda (Lair:5)
  A naga ritualist (Snake:2)
  An obsidian statue (Lair:5)
  3 necromancers (Lair:5)
  3 orc knights
  4 deep elf pyromancers
  13 harpies
  12 manticores
  3 orc sorcerers (Orc:1)
  6 mana vipers
  2 ugly things
  A wolf spider (D:12)
  7 fauns
  7 cyclopes
  A merfolk siren (Shoals:1)
  4 salamanders
  A guardian serpent (Snake:1)
  19 black mambas
  5 naga magi
  12 elephants
  2 water nymphs (Shoals:1)
  2 torpor snails
  2 gargoyles
  13 cane toads
  3 unseen horrors
  3 komodo dragons
  3 yaktaurs (D:15)
  2 rime drakes
  A freezing wraith (D:15)
  An efreet (D:14)
  2 tengu conjurers (D:14)
  21 merfolk
  A hornet (D:7)
  7 trolls
  A hornet (shapeshifter) (D:14)
  5 wind drakes (Shoals:1)
  2 polar bears
  19 blink frogs
  3 snapping turtles
  A spectral elephant (Lair:5)
  8 dream sheep
  A wraith (D:11)
  2 dire elephant simulacra (Lair:5)
  5 wyverns
  34 yaks
  2 hogs (D:13)
  5 water elementals (Shoals:3)
  A hog (shapeshifter) (D:13)
  2 steam dragons
  6 basilisks
  6 vampire mosquitoes
  21 nagas
  An acid dragon (D:12)
  3 wargs
  9 water moccasins
  2 black bears
  46 orc warriors
  3 ice beasts
  12 ogres
  21 centaurs
  A phantom (D:5)
  3 kobold brigands
  Blork the orc (D:4)
  6 bullfrogs
  3 necrophages
  2 scorpions (D:5)
  A gnoll sergeant (Orc:1)
  A cane toad simulacrum (Lair:5)
  4 wights (D:9)
  An elephant simulacrum (Lair:5)
  3 killer bees (D:8)
  7 howler monkeys
  6 electric eels
  7 hounds
  A gnoll bouda (D:8)
  16 orc priests
  A jelly (D:7)
  Jessica (D:1)
  2 iguanas
  18 orc wizards
  Natasha (thrice) (D:2)
  13 gnolls
  3 adders
  A shadow imp (D:6)
  4 dart slugs
  A worm (D:2)
  84 orcs
  A ball python (D:2)
  8 endoplasms
  4 giant cockroaches
  7 goblins
  6 hobgoblins
  2 quokkas
  5 bats
  2 frilled lizards
  24 kobolds
  3 rats (D:1)
  3 tentacles (Shoals:3)
723 creatures vanquished.

Vanquished Creatures (collateral kills)
  Mlioglotl (Shoals:1)
  A merfolk impaler (Shoals:1)
  An anaconda (Snake:1)
  A naga warrior (Snake:1)
  A salamander (Snake:1)
  A merfolk siren (Shoals:1)
  A naga mage (Snake:1)
  A snapping turtle (Shoals:2)
  4 orc warriors (Orc:2)
  An orc (Orc:2)
13 creatures vanquished.

Vanquished Creatures (others)
  An orc (Orc:2)
  30 fungi
  97 plants
  3 tentacles (Shoals:3)
  24 withered plants (Lair:5)
155 creatures vanquished.

Grand Total: 891 creatures vanquished

Notes
Turn   | Place    | Note
-------+----------+-------------------------------------------
     0 | D:1      | qw the Minotaur Berserker began the quest for the Orb.
     0 | D:1      | Reached XP level 1. HP: 19/19 MP: 0/0
     0 | D:1      | 0 ||| qw: Version: 0.1-a-113-g051387a
     0 | D:1      | 0 ||| qw: Game counter: 6982
     0 | D:1      | 0 ||| qw: Always use a shield: true
     0 | D:1      | 0 ||| qw: Do Orc after D:15 true
     0 | D:1      | 0 ||| qw: Do second Lair branch before Depths: true
     0 | D:1      | 0 ||| qw: Lair rune preference: random
     0 | D:1      | 0 ||| qw: Plans: Normal
     0 | D:1      | 0 ||| PLANNING D:1-11
   207 | D:1      | Reached XP level 2. HP: 26/26 MP: 1/1
  1143 | D:1      | 1143 ||| READING scroll labelled REGIPHIR TINI.
  1147 | D:1      | 1147 ||| DRINKING 2 dark potions.
  1248 | D:1      | 1248 ||| DROPPING potion of ambrosia.
  1281 | D:2      | Noticed Jessica
  1282 | D:2      | 1282 ||| STAIRDANCE
  1290 | D:1      | 1290 ||| INVOKING Berserk.
  1291 | D:1      | Killed Jessica
  1292 | D:1      | Reached XP level 3. HP: 14/31 MP: 2/2
  1496 | D:1      | 1496 ||| UPGRADING to +2 robe of willpower.
  1506 | D:1      | 1506 ||| DROPPING +0 animal skin.
  1581 | D:2      | Noticed Natasha
  1584 | D:2      | 1584 ||| INVOKING Berserk.
  1588 | D:2      | Killed Natasha
  1589 | D:2      | Reached skill level 6 in Axes
  1589 | D:2      | Reached XP level 4. HP: 39/39 MP: 3/3
  1783 | D:2      | Noticed Natasha
  1784 | D:2      | 1784 ||| INVOKING Berserk.
  1786 | D:2      | Killed Natasha
  1938 | D:2      | 1938 ||| DROPPING +0 club.
  1979 | D:2      | 1979 ||| Stepping ~*~*~tactically~*~*~ (stealth).
  1981 | D:2      | 1981 ||| Stepping ~*~*~tactically~*~*~ (stealth).
  2210 | D:2      | 2210 ||| Stepping ~*~*~tactically~*~*~ (stealth).
  2213 | D:2      | 2213 ||| Stepping ~*~*~tactically~*~*~ (stealth).
  2214 | D:2      | 2214 ||| Stepping ~*~*~tactically~*~*~ (stealth).
  2216 | D:2      | 2216 ||| Stepping ~*~*~tactically~*~*~ (stealth).
  2315 | D:2      | Noticed Natasha
  2319 | D:2      | 2319 ||| INVOKING Berserk.
  2322 | D:2      | Killed Natasha
  2323 | D:2      | Reached XP level 5. HP: 45/45 MP: 4/4
  2824 | D:2      | 2824 ||| READING 3 scrolls labelled QYEMUPTUEPO.
  2825 | D:2      | 2825 ||| READING scroll labelled MUARRA LYATEN.
  2826 | D:2      | 2826 ||| DRINKING 2 fizzy clear potions.
  2827 | D:2      | 2827 ||| DROPPING 2 scrolls of poison.
  2828 | D:2      | 2828 ||| READING scroll of teleportation.
  2911 | D:3      | 2911 ||| Stepping ~*~*~tactically~*~*~ (hiding).
  2913 | D:3      | 2913 ||| INVOKING Berserk.
  2916 | D:3      | Reached skill level 1 in Throwing
  3022 | D:3      | 3022 ||| Stepping ~*~*~tactically~*~*~ (hiding).
  3031 | D:3      | 3031 ||| FLEEEEING.
  3032 | D:3      | 3032 ||| FLEEEEING.
  3034 | D:3      | 3034 ||| FLEEEEING.
  3035 | D:3      | 3035 ||| FLEEEEING.
  3036 | D:3      | 3036 ||| FLEEEEING.
  3037 | D:3      | 3037 ||| FLEEEEING.
  3038 | D:3      | 3038 ||| FLEEEEING.
  3039 | D:3      | 3039 ||| FLEEEEING.
  3040 | D:3      | 3040 ||| FLEEEEING.
  3041 | D:3      | 3041 ||| FLEEEEING.
  3046 | D:3      | 3046 ||| STAIRDANCE
  3150 | D:3      | 3150 ||| STAIRDANCE
  3152 | D:2      | 3152 ||| INVOKING Berserk.
  3297 | D:3      | 3297 ||| DROPPING +0 whip.
  3333 | D:3      | Found a bloodstained altar of Trog.
  3351 | D:3      | Found Kuczeduh's Armour Shoppe.
  3354 | D:3      | 3354 ||| Stepping ~*~*~tactically~*~*~ (hiding).
  3356 | D:3      | 3356 ||| INVOKING Berserk.
  3365 | D:3      | Reached XP level 6. HP: 52/52 MP: 5/5
  3524 | D:3      | Found an ornate altar of the Wu Jian Council.
  3580 | D:3      | 3580 ||| INVOKING Berserk.
  3583 | D:3      | Reached ** piety under Trog
  3661 | D:3      | 3661 ||| SWAPPING to +1 war axe of venom.
  3662 | D:3      | 3662 ||| DROPPING +0 hand axe.
  3756 | D:3      | Found a faded altar of an unknown god.
  3855 | D:3      | 3855 ||| Stepping ~*~*~tactically~*~*~ (hiding).
  3856 | D:3      | 3856 ||| Stepping ~*~*~tactically~*~*~ (stealth).
  3857 | D:3      | 3857 ||| Stepping ~*~*~tactically~*~*~ (stealth).
  3861 | D:3      | 3861 ||| INVOKING Berserk.
  4109 | D:3      | 4109 ||| BUYING +0 buckler (54 gold).
  4109 | D:3      | Bought a +0 buckler for 54 gold pieces
  4109 | D:3      | 4109 ||| SHOPLISTING +2 ring mail of poison resistance (216
                  | gold, have 80).
  4109 | D:3      | 4109 ||| SHOPLISTING +3 plate armour of positive energy
                  | (504 gold, have 80).
  4109 | D:3      | 4109 ||| SHOPLISTING +4 scale mail of willpower (372 gold,
                  | have 80).
  4143 | D:3      | 4143 ||| Stepping ~*~*~tactically~*~*~ (hiding).
  4245 | D:3      | 4245 ||| Stepping ~*~*~tactically~*~*~ (hiding).
  4347 | D:3      | 4347 ||| Stepping ~*~*~tactically~*~*~ (hiding).
  4464 | D:3      | 4464 ||| UPGRADING to +0 ring mail.
  4474 | D:3      | 4474 ||| DROPPING +2 robe of willpower.
  4475 | D:3      | 4475 ||| UPGRADING to +0 buckler.
  4480 | D:3      | 4480 ||| READING 2 scrolls labelled SIAVIQ WAEM.
  4611 | D:4      | Noticed Blork the orc
  4612 | D:4      | 4612 ||| Stepping ~*~*~tactically~*~*~ (hiding).
  4617 | D:4      | 4617 ||| INVOKING Berserk.
  4621 | D:4      | Killed Blork the orc
  4623 | D:4      | Reached XP level 7. HP: 59/59 MP: 6/6
  5094 | D:4      | Found a hazy altar of Hepliaklqana.
  5094 | D:4      | Found a white marble altar of Elyvilon.
  5233 | D:4      | Reached skill level 9 in Axes
  5409 | D:4      | 5409 ||| DROPPING orb of light.
  5410 | D:4      | 5410 ||| UPGRADING to +0 chain mail.
  5420 | D:4      | 5420 ||| DROPPING +0 ring mail.
  5421 | D:4      | 5421 ||| UPGRADING to +4 ring of evasion.
  5422 | D:4      | 5422 ||| READING scroll labelled VUCSIBR IBOD.
  5423 | D:4      | 5423 ||| READING scroll labelled EBAGE FUMISED.
  5424 | D:4      | 5424 ||| READING 5 scrolls of identify.
  5424 | D:4      | 5424 ||| IDENTIFYING glowing black potion
  5425 | D:4      | 5425 ||| READING 4 scrolls of identify.
  5425 | D:4      | 5425 ||| IDENTIFYING viscous blue potion
  5426 | D:4      | 5426 ||| READING 3 scrolls of identify.
  5426 | D:4      | 5426 ||| IDENTIFYING white potion
  5427 | D:4      | 5427 ||| DROPPING potion of degeneration.
  5446 | D:5      | Entered Level 5 of the Dungeon
  5454 | D:5      | 5454 ||| INVOKING Berserk.
  5456 | D:5      | Reached skill level 3 in Shields
  5552 | D:5      | 5552 ||| DROPPING amulet of magic regeneration.
  5583 | D:5      | 5583 ||| Stepping ~*~*~tactically~*~*~ (stealth).
  5588 | D:5      | 5588 ||| INVOKING Berserk.
  5592 | D:5      | Reached skill level 3 in Armour
  5704 | D:5      | 5704 ||| DROPPING +1 vorpal war axe.
  5722 | D:5      | 5722 ||| DROPPING +0 flail.
  6070 | D:5      | 6070 ||| Stepping ~*~*~tactically~*~*~ (stealth).
  6072 | D:5      | 6072 ||| READING 4 scrolls of identify.
  6072 | D:5      | 6072 ||| IDENTIFYING fuming amethyst potion
  6082 | D:5      | Reached XP level 8. HP: 68/68 MP: 7/7
  6083 | D:5      | 6083 ||| DROPPING potion of lignification.
  6084 | D:5      | 6084 ||| Stepping randomly (stuck).
  6119 | D:5      | 6119 ||| INVOKING Berserk.
  6253 | D:5      | 6253 ||| Stepping randomly (stuck).
  6356 | D:5      | Reached skill level 6 in Fighting
  6527 | D:6      | 6527 ||| Stepping ~*~*~tactically~*~*~ (stealth).
  6846 | D:6      | 6846 ||| Stepping ~*~*~tactically~*~*~ (hiding).
  6848 | D:6      | 6848 ||| Stepping ~*~*~tactically~*~*~ (hiding).
  6849 | D:6      | 6849 ||| Stepping ~*~*~tactically~*~*~ (hiding).
  6857 | D:6      | 6857 ||| FLEEEEING.
  6858 | D:6      | 6858 ||| FLEEEEING.
  6859 | D:6      | 6859 ||| FLEEEEING.
  6861 | D:6      | 6861 ||| FLEEEEING.
  6862 | D:6      | 6862 ||| FLEEEEING.
  6867 | D:6      | 6867 ||| FLEEEEING.
  6868 | D:6      | 6868 ||| FLEEEEING.
  6869 | D:6      | 6869 ||| FLEEEEING.
  6874 | D:6      | 6874 ||| FLEEEEING.
  6875 | D:6      | 6875 ||| FLEEEEING.
  6876 | D:6      | 6876 ||| FLEEEEING.
  6881 | D:6      | 6881 ||| FLEEEEING.
  6882 | D:6      | 6882 ||| FLEEEEING.
  6883 | D:6      | 6883 ||| FLEEEEING.
  6884 | D:6      | 6884 ||| FLEEEEING.
  6889 | D:6      | 6889 ||| FLEEEEING.
  6890 | D:6      | 6890 ||| FLEEEEING.
  6891 | D:6      | 6891 ||| FLEEEEING.
  6898 | D:6      | 6898 ||| DRINKING 4 potions of curing.
  6898 | D:6      | 6898 ||| (to cure confusion)
  7002 | D:6      | 7002 ||| Invisible monster not found???
  7088 | D:6      | Found a staircase to the Ecumenical Temple.
  7271 | D:6      | Found an ancient bone altar of Kikubaaqudgha.
  7730 | D:6      | 7730 ||| READING scroll labelled JIHAAM WUBETZERO.
  7731 | D:6      | 7731 ||| READING scroll labelled NIAFIN FAENEAW.
  7732 | D:6      | 7732 ||| DRINKING 2 smoky clear potions.
  7733 | D:6      | 7733 ||| READING 5 scrolls of identify.
  7733 | D:6      | 7733 ||| IDENTIFYING metallic grey potion
  7734 | D:6      | 7734 ||| DROPPING potion of berserk rage.
  7784 | D:7      | 7784 ||| INVOKING Berserk.
  7791 | D:7      | Reached *** piety under Trog
  7959 | D:7      | Reached skill level 12 in Axes
  8015 | D:7      | Reached XP level 9. HP: 71/75 MP: 8/8
  8087 | D:7      | 8087 ||| Stepping ~*~*~tactically~*~*~ (stealth).
  8089 | D:7      | 8089 ||| Stepping ~*~*~tactically~*~*~ (hiding).
  8097 | D:7      | 8097 ||| DRINKING 3 potions of curing.
  8097 | D:7      | 8097 ||| (to cure confusion)
  8105 | D:7      | 8105 ||| INVOKING Berserk.
  8246 | D:7      | You fall into a shaft and drop 1 floor!
  8252 | D:8      | 8252 ||| INVOKING Berserk.
  8358 | D:8      | 8358 ||| UPGRADING to +0 plate armour.
  8368 | D:8      | 8368 ||| DROPPING +0 chain mail.
  8369 | D:8      | 8369 ||| READING scroll labelled MESHRY TIHESOWN.
  8369 | D:8      | Identified a scroll of acquirement
  8369 | D:8      | 8369 ||| ACQUIRING -1 cloak "Aruoq" {-Cast Rampage rElec
                  | rF+++}
  8369 | D:8      | Acquired the -1 cloak "Aruoq" {-Cast Rampage rElec rF+++}
  8371 | D:8      | 8371 ||| UPGRADING to -1 cloak "Aruoq" {-Cast Rampage rElec
                  | rF+++}.
  8376 | D:8      | 8376 ||| UPGRADING to ring of ice.
  8377 | D:8      | 8377 ||| READING 4 scrolls of identify.
  8377 | D:8      | 8377 ||| IDENTIFYING cyan potion
  8424 | D:7      | 8424 ||| INVOKING Berserk.
  8545 | D:7      | Paralysed by a hornet for 3 turns
  8547 | D:7      | Reached skill level 6 in Armour
  8689 | D:7      | Found a sparkling altar of Nemelex Xobeh.
  9609 | D:8      | 9609 ||| Stepping ~*~*~tactically~*~*~ (stealth).
  9610 | D:8      | 9610 ||| Stepping ~*~*~tactically~*~*~ (stealth).
  9613 | D:8      | 9613 ||| Stepping ~*~*~tactically~*~*~ (stealth).
  9614 | D:8      | 9614 ||| Stepping ~*~*~tactically~*~*~ (stealth).
  9615 | D:8      | 9615 ||| Stepping ~*~*~tactically~*~*~ (stealth).
  9616 | D:8      | 9616 ||| Stepping ~*~*~tactically~*~*~ (stealth).
  9868 | D:8      | 9868 ||| INVOKING Berserk.
 10145 | D:8      | 10145 ||| INVOKING Berserk.
 10360 | D:8      | 10360 ||| UPGRADING to +0 pair of gloves.
 10365 | D:8      | 10365 ||| READING scroll labelled XEZ WOLOONOFAC.
 10366 | D:8      | 10366 ||| READING scroll labelled GEENLESENY.
 10467 | D:8      | 10467 ||| READING 2 scrolls labelled JEGHIP BIWE.
 10468 | D:8      | 10468 ||| DROPPING scroll of summoning.
 10489 | D:9      | 10489 ||| STAIRDANCE
 10564 | D:9      | 10564 ||| STAIRDANCE
 10743 | D:9      | 10743 ||| Stepping ~*~*~tactically~*~*~ (hiding).
 10757 | D:9      | Reached XP level 10. HP: 77/88 MP: 9/9
 10831 | D:9      | 10831 ||| Stepping ~*~*~tactically~*~*~ (stealth).
 10833 | D:9      | 10833 ||| Stepping ~*~*~tactically~*~*~ (stealth).
 10836 | D:9      | 10836 ||| Stepping ~*~*~tactically~*~*~ (stealth).
 10838 | D:9      | 10838 ||| Stepping ~*~*~tactically~*~*~ (stealth).
 10839 | D:9      | 10839 ||| Stepping ~*~*~tactically~*~*~ (stealth).
 10840 | D:9      | 10840 ||| Stepping ~*~*~tactically~*~*~ (stealth).
 11016 | D:9      | Reached skill level 3 in Dodging
 11233 | D:9      | Found a basalt altar of Yredelemnul.
 11252 | D:9      | 11252 ||| Stepping ~*~*~tactically~*~*~ (stealth).
 11356 | D:9      | 11356 ||| Stepping ~*~*~tactically~*~*~ (stealth).
 11358 | D:9      | 11358 ||| Stepping ~*~*~tactically~*~*~ (stealth).
 11374 | D:9      | Noticed a centaur warrior
 11383 | D:9      | Killed a centaur warrior
 11617 | D:9      | 11617 ||| READING scroll labelled ZAXTAWNI VIEH.
 11655 | D:10     | Entered Level 10 of the Dungeon
 11747 | D:10     | Reached skill level 15 in Axes
 11767 | D:10     | 11767 ||| Stepping ~*~*~tactically~*~*~ (hiding).
 11772 | D:10     | 11772 ||| Stepping ~*~*~tactically~*~*~ (stealth).
 11785 | D:10     | 11785 ||| Stepping ~*~*~tactically~*~*~ (stealth).
 11787 | D:10     | 11787 ||| Stepping ~*~*~tactically~*~*~ (stealth).
 11788 | D:10     | 11788 ||| Stepping ~*~*~tactically~*~*~ (stealth).
 11789 | D:10     | 11789 ||| Stepping ~*~*~tactically~*~*~ (stealth).
 11791 | D:10     | 11791 ||| Stepping ~*~*~tactically~*~*~ (stealth).
 11814 | D:10     | Reached **** piety under Trog
 11815 | D:10     | 11815 ||| Stepping ~*~*~tactically~*~*~ (hiding).
 11863 | D:10     | Found a staircase to the Lair.
 11888 | D:10     | Found a staircase to the Orcish Mines.
 11949 | D:10     | 11949 ||| Stepping ~*~*~tactically~*~*~ (hiding).
 11950 | D:10     | 11950 ||| Stepping ~*~*~tactically~*~*~ (hiding).
 11954 | D:10     | Reached skill level 9 in Fighting
 11956 | D:10     | 11956 ||| INVOKING Berserk.
 12111 | D:10     | Identified the +1 scale mail of the Sparrow {rElec rN+
                  | Dex+4}
 12477 | D:10     | Found a shimmering blue altar of Sif Muna.
 12526 | D:10     | 12526 ||| PLANNING LAIR
 12584 | Lair:1   | Entered Level 1 of the Lair of Beasts
 12586 | Lair:1   | 12586 ||| Stepping ~*~*~tactically~*~*~ (stealth).
 12591 | Lair:1   | Noticed a torpor snail
 12597 | Lair:1   | 12597 ||| INVOKING Berserk.
 12600 | Lair:1   | Killed a torpor snail
 12744 | Lair:1   | Reached XP level 11. HP: 97/97 MP: 10/10
 12768 | Lair:1   | Noticed a four-headed hydra
 12771 | Lair:1   | 12771 ||| SWAPPING to +0 morningstar.
 12773 | Lair:1   | 12773 ||| INVOKING Berserk.
 12776 | Lair:1   | Killed a four-headed hydra
 12808 | Lair:1   | 12808 ||| SWAPPING to +2 war axe of venom.
 12956 | Lair:1   | 12956 ||| INVOKING Berserk.
 13137 | Lair:1   | Noticed qw's ghost (novice MiFi)
 13148 | Lair:1   | You fall into a shaft and drop 1 floor!
 13162 | Lair:2   | 13162 ||| INVOKING Berserk.
 13168 | Lair:2   | Reached skill level 6 in Shields
 13226 | Lair:2   | 13226 ||| INVOKING Berserk.
 13362 | Lair:2   | 13362 ||| INVOKING Berserk.
 13481 | Lair:2   | 13481 ||| INVOKING Berserk.
 13633 | Lair:2   | 13633 ||| INVOKING Berserk.
 13746 | Lair:2   | 13746 ||| Stepping ~*~*~tactically~*~*~ (hiding).
 13788 | Lair:2   | 13788 ||| READING scroll labelled YRYIKIN PYURI.
 13803 | Lair:1   | Reached skill level 9 in Armour
 13810 | Lair:1   | 13810 ||| Stepping ~*~*~tactically~*~*~ (stealth).
 13813 | Lair:1   | 13813 ||| Stepping ~*~*~tactically~*~*~ (stealth).
 13824 | Lair:1   | 13824 ||| INVOKING Berserk.
 14271 | Lair:1   | Found a runed translucent gate.
 14271 | Lair:1   | Found a runed translucent gate.
 14272 | Lair:1   | Found a runed translucent gate.
 14282 | Lair:1   | 14282 ||| INVOKING Berserk.
 14436 | Lair:1   | 14436 ||| INVOKING Berserk.
 14666 | Lair:1   | 14666 ||| INVOKING Berserk.
 14955 | Lair:2   | 14955 ||| Stepping ~*~*~tactically~*~*~ (stealth).
 14960 | Lair:2   | 14960 ||| Stepping ~*~*~tactically~*~*~ (stealth).
 15190 | Lair:2   | 15190 ||| INVOKING Berserk.
 15378 | Lair:2   | Found a staircase to the Shoals.
 15492 | Lair:2   | 15492 ||| FLEEEEING.
 15493 | Lair:2   | 15493 ||| FLEEEEING.
 15494 | Lair:2   | 15494 ||| FLEEEEING.
 15495 | Lair:2   | 15495 ||| FLEEEEING.
 15497 | Lair:2   | 15497 ||| FLEEEEING.
 15499 | Lair:2   | 15499 ||| FLEEEEING.
 15501 | Lair:2   | 15501 ||| FLEEEEING.
 15502 | Lair:2   | 15502 ||| FLEEEEING.
 15503 | Lair:2   | 15503 ||| FLEEEEING.
 15504 | Lair:2   | 15504 ||| FLEEEEING.
 15505 | Lair:2   | 15505 ||| FLEEEEING.
 15506 | Lair:2   | 15506 ||| FLEEEEING.
 15507 | Lair:2   | 15507 ||| FLEEEEING.
 15508 | Lair:2   | 15508 ||| FLEEEEING.
 15509 | Lair:2   | 15509 ||| FLEEEEING.
 15510 | Lair:2   | 15510 ||| FLEEEEING.
 15511 | Lair:2   | 15511 ||| FLEEEEING.
 15512 | Lair:2   | 15512 ||| FLEEEEING.
 15513 | Lair:2   | 15513 ||| FLEEEEING.
 15514 | Lair:2   | 15514 ||| FLEEEEING.
 15515 | Lair:2   | 15515 ||| FLEEEEING.
 15516 | Lair:2   | 15516 ||| FLEEEEING.
 15517 | Lair:2   | 15517 ||| FLEEEEING.
 15518 | Lair:2   | 15518 ||| FLEEEEING.
 15519 | Lair:2   | 15519 ||| INVOKING Berserk.
 15533 | Lair:2   | 15533 ||| FLEEEEING.
 15538 | Lair:2   | 15538 ||| STAIRDANCE
 15652 | Lair:1   | 15652 ||| READING 2 scrolls labelled IRAXECZIPNU.
 15653 | Lair:1   | 15653 ||| DROPPING scroll of vulnerability.
 15684 | Lair:2   | 15684 ||| INVOKING Berserk.
 16017 | Lair:2   | 16017 ||| Stepping ~*~*~tactically~*~*~ (stealth).
 16019 | Lair:2   | 16019 ||| Stepping ~*~*~tactically~*~*~ (stealth).
 16053 | Lair:3   | Noticed a catoblepas
 16056 | Lair:3   | 16056 ||| INVOKING Berserk.
 16062 | Lair:3   | Killed a catoblepas
 16063 | Lair:3   | Reached skill level 12 in Fighting
 16063 | Lair:3   | Reached XP level 12. HP: 112/112 MP: 11/11
 16230 | Lair:3   | 16230 ||| INVOKING Berserk.
 16376 | Lair:3   | 16376 ||| INVOKING Berserk.
 16587 | Lair:3   | Found a staircase to the Snake Pit.
 16879 | Lair:3   | 16879 ||| Stepping ~*~*~tactically~*~*~ (stealth).
 16882 | Lair:3   | 16882 ||| INVOKING Berserk.
 17265 | Lair:3   | 17265 ||| UPGRADING to +1 pair of gloves.
 17275 | Lair:3   | 17275 ||| DROPPING +0 pair of gloves.
 17276 | Lair:3   | 17276 ||| READING 9 scrolls of identify.
 17276 | Lair:3   | 17276 ||| IDENTIFYING golden potion
 17277 | Lair:3   | 17277 ||| DROPPING potion of magic.
 17296 | Lair:4   | Noticed a catoblepas
 17300 | Lair:4   | 17300 ||| INVOKING Berserk.
 17306 | Lair:4   | Killed a catoblepas
 17619 | Lair:4   | 17619 ||| INVOKING Berserk.
 17825 | Lair:4   | 17825 ||| INVOKING Berserk.
 17999 | Lair:4   | 17999 ||| INVOKING Berserk.
 18004 | Lair:4   | Reached skill level 12 in Armour
 18033 | Lair:4   | 18033 ||| Stepping ~*~*~tactically~*~*~ (stealth).
 18156 | Lair:4   | 18156 ||| Stepping ~*~*~tactically~*~*~ (stealth).
 18157 | Lair:4   | 18157 ||| Stepping ~*~*~tactically~*~*~ (stealth).
 18169 | Lair:4   | Reached skill level 3 in Throwing
 18401 | Lair:4   | 18401 ||| Stepping ~*~*~tactically~*~*~ (stealth).
 18402 | Lair:4   | 18402 ||| Stepping ~*~*~tactically~*~*~ (stealth).
 18414 | Lair:4   | 18414 ||| Stepping ~*~*~tactically~*~*~ (hiding).
 18415 | Lair:4   | 18415 ||| Stepping ~*~*~tactically~*~*~ (hiding).
 18776 | Lair:5   | Entered Level 5 of the Lair of Beasts
 18776 | Lair:5   | Found a viscous altar of Jiyva.
 18776 | Lair:5   | Found a staircase to the Slime Pits.
 18780 | Lair:5   | 18780 ||| STAIRDANCE
 18786 | Lair:4   | Reached skill level 9 in Shields
 18910 | Lair:5   | 18910 ||| INVOKING Berserk.
 18919 | Lair:5   | Noticed a catoblepas
 18922 | Lair:5   | Reached skill level 6 in Dodging
 18930 | Lair:5   | 18930 ||| Stepping ~*~*~tactically~*~*~ (cloud).
 18935 | Lair:5   | Killed a catoblepas
 18936 | Lair:5   | Reached XP level 13. HP: 44/123 MP: 12/12
 19065 | Lair:5   | 19065 ||| FLEEEEING.
 19066 | Lair:5   | 19066 ||| STAIRDANCE
 19220 | Lair:5   | 19220 ||| INVOKING Brothers in Arms.
 19221 | Lair:5   | 19221 ||| INVOKING Brothers in Arms.
 19222 | Lair:5   | 19222 ||| INVOKING Brothers in Arms.
 19223 | Lair:5   | 19223 ||| SWAPPING to +0 morningstar.
 19224 | Lair:5   | 19224 ||| INVOKING Berserk.
 19297 | Lair:5   | 19297 ||| SWAPPING to +2 war axe of venom.
 19339 | Lair:5   | 19339 ||| Stepping ~*~*~tactically~*~*~ (stealth).
 19340 | Lair:5   | 19340 ||| Stepping ~*~*~tactically~*~*~ (stealth).
 19382 | Lair:5   | 19382 ||| INVOKING Berserk.
 19968 | Lair:5   | Noticed a dire elephant
 19968 | Lair:5   | Noticed a dire elephant
 19968 | Lair:5   | Noticed a dire elephant
 20124 | Lair:5   | 20124 ||| FLEEEEING.
 20125 | Lair:5   | 20125 ||| FLEEEEING.
 20126 | Lair:5   | 20126 ||| FLEEEEING.
 20129 | Lair:5   | 20129 ||| FLEEEEING.
 20229 | Lair:5   | 20229 ||| Stepping ~*~*~tactically~*~*~ (stealth).
 20235 | Lair:5   | 20235 ||| INVOKING Berserk.
 20245 | Lair:5   | Killed a dire elephant
 20350 | Lair:5   | 20350 ||| INVOKING Berserk.
 20397 | Lair:5   | Killed a dire elephant
 20490 | Lair:5   | 20490 ||| INVOKING Berserk.
 20499 | Lair:5   | Killed a dire elephant
 20768 | Lair:5   | 20768 ||| Stepping ~*~*~tactically~*~*~ (hiding).
 20913 | Lair:5   | Reached skill level 15 in Fighting
 21094 | Lair:5   | 21094 ||| READING 3 scrolls of teleportation.
 21126 | Lair:5   | 21126 ||| READING 2 scrolls of teleportation.
 21154 | Lair:5   | 21154 ||| READING scroll of teleportation.
 21172 | Lair:5   | 21172 ||| Stepping randomly (stuck).
 21173 | Lair:5   | 21173 ||| Stepping randomly (stuck).
 21174 | Lair:5   | 21174 ||| Stepping randomly (stuck).
 21175 | Lair:5   | 21175 ||| Stepping randomly (stuck).
 21176 | Lair:5   | 21176 ||| Stepping randomly (stuck).
 21177 | Lair:5   | 21177 ||| Stepping randomly (stuck).
 21178 | Lair:5   | 21178 ||| Stepping ~*~*~tactically~*~*~ (stealth).
 21179 | Lair:5   | 21179 ||| Stepping ~*~*~tactically~*~*~ (stealth).
 21319 | Lair:5   | 21319 ||| Stepping randomly (stuck).
 21321 | Lair:5   | 21321 ||| Stepping randomly (stuck).
 21322 | Lair:5   | 21322 ||| Stepping randomly (stuck).
 21323 | Lair:5   | 21323 ||| Stepping randomly (stuck).
 21324 | Lair:5   | 21324 ||| Stepping randomly (stuck).
 21325 | Lair:5   | 21325 ||| Stepping randomly (stuck).
 21326 | Lair:5   | 21326 ||| Stepping randomly (stuck).
 21383 | Lair:5   | 21383 ||| Stepping ~*~*~tactically~*~*~ (hiding).
 21384 | Lair:5   | 21384 ||| Stepping ~*~*~tactically~*~*~ (hiding).
 21486 | Lair:5   | 21486 ||| PLANNING D:1-11
 21688 | D:11     | 21688 ||| STAIRDANCE
 21831 | D:11     | 21831 ||| INVOKING Berserk.
 21946 | D:11     | 21946 ||| READING 10 scrolls of identify.
 21946 | D:11     | 21946 ||| IDENTIFYING red potion
 21947 | D:11     | 21947 ||| DROPPING potion of brilliance.
 22087 | D:11     | 22087 ||| STAIRDANCE
 22092 | D:11     | 22092 ||| STAIRDANCE
 22101 | D:11     | 22101 ||| STAIRDANCE
 22112 | D:11     | 22112 ||| STAIRDANCE
 22148 | D:11     | 22148 ||| INVOKING Berserk.
 22351 | D:11     | Found the +7 staff of the Meek {protect, meekguard}
 22435 | D:11     | 22435 ||| Stepping randomly (disturbance).
 22440 | D:11     | 22440 ||| Stepping ~*~*~tactically~*~*~ (water).
 22730 | D:11     | 22730 ||| INVOKING Berserk.
 22932 | D:11     | Noticed Lodul
 22933 | D:11     | 22933 ||| Stepping ~*~*~tactically~*~*~ (stealth).
 22935 | D:11     | 22935 ||| Stepping ~*~*~tactically~*~*~ (stealth).
 22945 | D:11     | Killed Lodul
 22947 | D:11     | 22947 ||| FLEEEEING.
 22948 | D:11     | 22948 ||| FLEEEEING.
 22949 | D:11     | 22949 ||| FLEEEEING.
 22950 | D:11     | 22950 ||| FLEEEEING.
 23143 | D:11     | Found Vochag's Assorted Antiques.
 23146 | D:11     | 23146 ||| BUYING golden ring (135 gold).
 23146 | D:11     | Bought a golden ring for 135 gold pieces
 23146 | D:11     | 23146 ||| BUYING pair of glowing boots (202 gold).
 23146 | D:11     | Bought a pair of glowing boots for 202 gold pieces
 23146 | D:11     | 23146 ||| BUYING scroll of teleportation (81 gold).
 23146 | D:11     | Bought a scroll of teleportation for 81 gold pieces
 23146 | D:11     | 23146 ||| BUYING scroll of teleportation (81 gold).
 23146 | D:11     | Bought a scroll of teleportation for 81 gold pieces
 23177 | D:11     | 23177 ||| READING scroll of enchant armour.
 23177 | D:11     | 23177 ||| ENCHANTING +1 pair of gloves.
 23201 | D:11     | 23201 ||| Stepping ~*~*~tactically~*~*~ (hiding).
 23207 | D:11     | 23207 ||| INVOKING Berserk.
 23341 | D:11     | 23341 ||| Stepping randomly (disturbance).
 23391 | D:11     | 23391 ||| PLANNING D
 23391 | D:11     | 23391 ||| UPGRADING to +0 pair of boots of flying.
 23396 | D:11     | 23396 ||| UPGRADING to +6 ring of strength.
 23398 | D:11     | 23398 ||| DROPPING ring of positive energy.
 23399 | D:11     | 23399 ||| DROPPING ring of ice.
 23420 | D:12     | 23420 ||| INVOKING Berserk.
 23490 | D:12     | 23490 ||| Stepping ~*~*~tactically~*~*~ (stealth).
 23492 | D:12     | 23492 ||| Stepping ~*~*~tactically~*~*~ (hiding).
 23494 | D:12     | 23494 ||| Stepping ~*~*~tactically~*~*~ (hiding).
 23617 | D:12     | 23617 ||| SWAPPING to +0 broad axe.
 23687 | D:12     | 23687 ||| DROPPING +2 war axe of venom.
 23922 | D:12     | Noticed Fannar
 23923 | D:12     | 23923 ||| Stepping ~*~*~tactically~*~*~ (hiding).
 23940 | D:12     | Killed Fannar
 23954 | D:12     | Reached XP level 14. HP: 76/135 MP: 13/13
 23958 | D:12     | 23958 ||| INVOKING Berserk.
 23974 | D:12     | 23974 ||| Stepping ~*~*~tactically~*~*~ (hiding).
 23975 | D:12     | 23975 ||| Stepping ~*~*~tactically~*~*~ (hiding).
 23979 | D:12     | 23979 ||| Stepping ~*~*~tactically~*~*~ (hiding).
 24223 | D:12     | 24223 ||| READING scroll of enchant weapon.
 24223 | D:12     | 24223 ||| ENCHANTING +0 broad axe.
 24393 | D:12     | 24393 ||| FLEEEEING.
 24394 | D:12     | 24394 ||| FLEEEEING.
 24395 | D:12     | 24395 ||| FLEEEEING.
 24396 | D:12     | 24396 ||| FLEEEEING.
 24406 | D:12     | 24406 ||| FLEEEEING.
 24409 | D:12     | 24409 ||| FLEEEEING.
 24416 | D:12     | 24416 ||| INVOKING Berserk.
 24855 | D:12     | 24855 ||| DROPPING ring of protection from cold.
 24856 | D:12     | 24856 ||| DRINKING 2 metallic purple potions.
 24857 | D:12     | 24857 ||| READING 12 scrolls of identify.
 24857 | D:12     | 24857 ||| IDENTIFYING smoky grey potion
 24858 | D:12     | 24858 ||| DROPPING potion of flight.
 24859 | D:12     | 24859 ||| DROPPING potion of attraction.
 25005 | D:13     | 25005 ||| INVOKING Berserk.
 25038 | D:13     | Found a gate to the Vaults.
 25192 | D:13     | 25192 ||| FLEEEEING.
 25205 | D:13     | 25205 ||| FLEEEEING.
 25206 | D:13     | 25206 ||| FLEEEEING.
 25207 | D:13     | 25207 ||| FLEEEEING.
 25208 | D:13     | 25208 ||| FLEEEEING.
 25565 | D:13     | 25565 ||| Stepping ~*~*~tactically~*~*~ (stealth).
 25587 | D:13     | Reached skill level 18 in Axes
 25655 | D:13     | 25655 ||| Stepping ~*~*~tactically~*~*~ (hiding).
 25681 | D:13     | 25681 ||| Stepping ~*~*~tactically~*~*~ (hiding).
 25682 | D:13     | 25682 ||| Stepping ~*~*~tactically~*~*~ (hiding).
 25809 | D:13     | 25809 ||| Stepping ~*~*~tactically~*~*~ (stealth).
 25932 | D:13     | Noticed Kirke
 25933 | D:13     | 25933 ||| Stepping ~*~*~tactically~*~*~ (hiding).
 25934 | D:13     | 25934 ||| INVOKING Trog's Hand.
 25935 | D:13     | 25935 ||| Stepping ~*~*~tactically~*~*~ (hiding).
 25942 | D:13     | 25942 ||| INVOKING Berserk.
 25946 | D:13     | Killed Kirke
 26084 | D:13     | Found a portal to a secret trove of treasure.
 26296 | D:13     | Noticed Urug
 26297 | D:13     | 26297 ||| FLEEEEING.
 26298 | D:13     | 26298 ||| FLEEEEING.
 26299 | D:13     | 26299 ||| FLEEEEING.
 26300 | D:13     | 26300 ||| FLEEEEING.
 26301 | D:13     | 26301 ||| FLEEEEING.
 26302 | D:13     | 26302 ||| FLEEEEING.
 26303 | D:13     | 26303 ||| FLEEEEING.
 26304 | D:13     | 26304 ||| FLEEEEING.
 26308 | D:13     | 26308 ||| STAIRDANCE
 26390 | D:12     | 26390 ||| UPGRADING to +1 plate armour of willpower.
 26400 | D:12     | 26400 ||| DROPPING +0 plate armour.
 26401 | D:12     | 26401 ||| READING scroll labelled DINOPP UCHUGEAGOA.
 26402 | D:12     | 26402 ||| DROPPING +0 morningstar.
 26405 | D:13     | 26405 ||| INVOKING Berserk.
 26408 | D:13     | Killed Urug
 26409 | D:13     | 26409 ||| STAIRDANCE
 26848 | D:14     | 26848 ||| Stepping ~*~*~tactically~*~*~ (stealth).
 26849 | D:14     | 26849 ||| Stepping ~*~*~tactically~*~*~ (stealth).
 27033 | D:14     | 27033 ||| Stepping ~*~*~tactically~*~*~ (hiding).
 27200 | D:14     | Found a radiant altar of Vehumet.
 27231 | D:14     | 27231 ||| INVOKING Berserk.
 27239 | D:14     | Reached skill level 6 in Throwing
 27379 | D:14     | 27379 ||| UPGRADING to +0 buckler of cold resistance.
 27389 | D:14     | 27389 ||| DROPPING +0 buckler.
 27390 | D:14     | 27390 ||| READING 3 scrolls of teleportation.
 27554 | D:14     | 27554 ||| READING 2 scrolls of teleportation.
 27555 | D:14     | 27555 ||| STAIRDANCE
 27727 | D:14     | Paralysed by a hornet for 2 turns
 27919 | D:14     | 27919 ||| Stepping ~*~*~tactically~*~*~ (hiding).
 27920 | D:14     | 27920 ||| Stepping ~*~*~tactically~*~*~ (hiding).
 28066 | D:14     | 28066 ||| UPGRADING to +0 kite shield.
 28076 | D:14     | 28076 ||| DROPPING +0 buckler of cold resistance.
 28077 | D:14     | 28077 ||| READING 13 scrolls of identify.
 28077 | D:14     | 28077 ||| IDENTIFYING bubbling grey potion
 28078 | D:14     | 28078 ||| DRINKING potion of experience.
 28078 | D:14     | Reached skill level 12 in Shields
 28078 | D:14     | Reached XP level 15. HP: 144/144 MP: 14/14
 28091 | D:15     | Entered Level 15 of the Dungeon
 28743 | D:15     | 28743 ||| INVOKING Berserk.
 28817 | D:15     | Found a staircase to the Depths.
 28865 | D:15     | Found Titesuappuy's Book Emporium.
 29118 | D:15     | Found a sacrificial altar of Ru.
 29290 | D:15     | 29290 ||| PLANNING ORC
 29449 | Orc:1    | Entered Level 1 of the Orcish Mines
 29453 | Orc:1    | 29453 ||| INVOKING Trog's Hand.
 29468 | Orc:1    | 29468 ||| INVOKING Berserk.
 29751 | Orc:2    | Entered Level 2 of the Orcish Mines
 29752 | Orc:2    | Noticed an orc warlord
 29761 | Orc:2    | 29761 ||| INVOKING Berserk.
 29782 | Orc:2    | Killed an orc warlord
 29811 | Orc:2    | 29811 ||| FLEEEEING.
 29815 | Orc:2    | 29815 ||| STAIRDANCE
 29988 | Orc:2    | Reached ***** piety under Trog
 30020 | Orc:2    | 30020 ||| INVOKING Berserk.
 30031 | Orc:2    | HP: 54/216 [orc warrior/+0 halberd (13)]
 30041 | Orc:2    | 30041 ||| READING scroll of teleportation.
 30041 | Orc:2    | HP: 19/144 [orc warrior/+0 scimitar (13)]
 30042 | Orc:2    | 30042 ||| DRINKING 8 potions of heal wounds.
 30043 | Orc:2    | 30043 ||| DRINKING 7 potions of heal wounds.
 30044 | Orc:2    | Found a staircase to the Elven Halls.
 30045 | Orc:2    | 30045 ||| INVOKING Brothers in Arms.
 30057 | Orc:2    | HP: 25/144 [orc warrior/+0 great mace (17)]
 30058 | Orc:2    | 30058 ||| DRINKING 6 potions of heal wounds.
 30067 | Orc:2    | HP: 32/144 [orc warrior/bolt (10)]
 30068 | Orc:2    | 30068 ||| DRINKING 5 potions of heal wounds.
 30069 | Orc:2    | 30069 ||| DRINKING 4 potions of heal wounds.
 30070 | Orc:2    | 30070 ||| Stepping ~*~*~tactically~*~*~ (hiding).
 30073 | Orc:2    | 30073 ||| INVOKING Berserk.
 30094 | Orc:2    | 30094 ||| Stepping ~*~*~tactically~*~*~ (stealth).
 30095 | Orc:2    | 30095 ||| Stepping ~*~*~tactically~*~*~ (stealth).
 30102 | Orc:2    | 30102 ||| INVOKING Brothers in Arms.
 30133 | Orc:2    | 30133 ||| FLEEEEING.
 30134 | Orc:2    | 30134 ||| FLEEEEING.
 30135 | Orc:2    | 30135 ||| FLEEEEING.
 30136 | Orc:2    | 30136 ||| FLEEEEING.
 30137 | Orc:2    | 30137 ||| FLEEEEING.
 30138 | Orc:2    | 30138 ||| FLEEEEING.
 30139 | Orc:2    | 30139 ||| FLEEEEING.
 30140 | Orc:2    | 30140 ||| FLEEEEING.
 30141 | Orc:2    | 30141 ||| FLEEEEING.
 30142 | Orc:2    | 30142 ||| FLEEEEING.
 30143 | Orc:2    | 30143 ||| FLEEEEING.
 30144 | Orc:2    | 30144 ||| FLEEEEING.
 30145 | Orc:2    | 30145 ||| FLEEEEING.
 30146 | Orc:2    | 30146 ||| FLEEEEING.
 30147 | Orc:2    | 30147 ||| FLEEEEING.
 30148 | Orc:2    | 30148 ||| FLEEEEING.
 30149 | Orc:2    | 30149 ||| FLEEEEING.
 30150 | Orc:2    | 30150 ||| FLEEEEING.
 30151 | Orc:2    | 30151 ||| FLEEEEING.
 30152 | Orc:2    | 30152 ||| FLEEEEING.
 30153 | Orc:2    | 30153 ||| FLEEEEING.
 30154 | Orc:2    | 30154 ||| FLEEEEING.
 30155 | Orc:2    | 30155 ||| FLEEEEING.
 30156 | Orc:2    | 30156 ||| FLEEEEING.
 30157 | Orc:2    | 30157 ||| FLEEEEING.
 30158 | Orc:2    | 30158 ||| STAIRDANCE
 30340 | Orc:2    | 30340 ||| Stepping ~*~*~tactically~*~*~ (stealth).
 30342 | Orc:2    | 30342 ||| Stepping ~*~*~tactically~*~*~ (hiding).
 30344 | Orc:2    | 30344 ||| Stepping ~*~*~tactically~*~*~ (hiding).
 30471 | Orc:2    | 30471 ||| Stepping ~*~*~tactically~*~*~ (hiding).
 30472 | Orc:2    | 30472 ||| Stepping ~*~*~tactically~*~*~ (hiding).
 30763 | Orc:2    | Found Fuobatiy's Weapon Boutique.
 30763 | Orc:2    | Found Revodit's General Store.
 30763 | Orc:2    | Found Plog's Weapon Emporium.
 30767 | Orc:2    | Found Haedil's Antique Weapon Shop.
 30772 | Orc:2    | 30772 ||| BUYING ring of Ideex {rF+ rCorr Str+6} (889
                  | gold).
 30772 | Orc:2    | Bought the ring of Ideex {rF+ rCorr Str+6} for 889 gold
                  | pieces
 30923 | Orc:2    | 30923 ||| UPGRADING to ring of Ideex {rF+ rCorr Str+6}.
 30925 | Orc:2    | 30925 ||| UPGRADING to +4 ring of evasion.
 30927 | Orc:2    | 30927 ||| DROPPING +6 ring of strength.
 30970 | Orc:1    | 30970 ||| Stepping ~*~*~tactically~*~*~ (stealth).
 30972 | Orc:1    | 30972 ||| Stepping ~*~*~tactically~*~*~ (hiding).
 30973 | Orc:1    | 30973 ||| Stepping ~*~*~tactically~*~*~ (hiding).
 30976 | Orc:1    | 30976 ||| INVOKING Berserk.
 30980 | Orc:1    | Reached XP level 16. HP: 151/151 MP: 15/15
 31217 | Orc:1    | Found a shimmering altar of Xom.
 31219 | Orc:1    | 31219 ||| INVOKING Trog's Hand.
 31223 | Orc:1    | 31223 ||| INVOKING Berserk.
 31267 | Orc:1    | 31267 ||| Stepping ~*~*~tactically~*~*~ (stealth).
 31310 | Orc:1    | 31310 ||| Stepping ~*~*~tactically~*~*~ (stealth).
 31311 | Orc:1    | 31311 ||| Stepping ~*~*~tactically~*~*~ (stealth).
 31322 | Orc:1    | 31322 ||| Stepping ~*~*~tactically~*~*~ (hiding).
 31427 | Orc:1    | 31427 ||| PLANNING SHOALS:1-3
 31554 | Shoals:1 | Entered Level 1 of the Shoals
 31617 | Shoals:1 | 31617 ||| READING scroll of enchant armour.
 31617 | Shoals:1 | 31617 ||| ENCHANTING +0 pair of boots of flying.
 31620 | Shoals:1 | 31620 ||| Stepping ~*~*~tactically~*~*~ (hiding).
 31621 | Shoals:1 | 31621 ||| Stepping ~*~*~tactically~*~*~ (hiding).
 31622 | Shoals:1 | 31622 ||| Stepping ~*~*~tactically~*~*~ (hiding).
 31626 | Shoals:1 | 31626 ||| INVOKING Berserk.
 32107 | Shoals:1 | 32107 ||| INVOKING Berserk.
 32312 | Shoals:1 | 32312 ||| Stepping ~*~*~tactically~*~*~ (hiding).
 32314 | Shoals:1 | 32314 ||| Stepping ~*~*~tactically~*~*~ (hiding).
 32316 | Shoals:1 | 32316 ||| Stepping ~*~*~tactically~*~*~ (hiding).
 32354 | Shoals:1 | Noticed Mlioglotl
 32355 | Shoals:1 | 32355 ||| Stepping ~*~*~tactically~*~*~ (stealth).
 32356 | Shoals:1 | 32356 ||| INVOKING Brothers in Arms.
 32359 | Shoals:1 | 32359 ||| INVOKING Berserk.
 32362 | Shoals:1 | Killed Mlioglotl
 32555 | Shoals:1 | 32555 ||| INVOKING Berserk.
 32649 | Shoals:1 | Reached skill level 9 in Throwing
 32656 | Shoals:1 | Reached skill level 15 in Shields
 32656 | Shoals:1 | 32656 ||| INVOKING Brothers in Arms.
 32657 | Shoals:1 | 32657 ||| INVOKING Brothers in Arms.
 32678 | Shoals:1 | 32678 ||| INVOKING Berserk.
 33076 | Shoals:1 | Reached skill level 15 in Armour
 33484 | Shoals:1 | 33484 ||| READING 13 scrolls of identify.
 33484 | Shoals:1 | 33484 ||| IDENTIFYING pink potion
 33512 | Shoals:2 | 33512 ||| INVOKING Trog's Hand.
 33514 | Shoals:2 | 33514 ||| FLEEEEING.
 33515 | Shoals:2 | 33515 ||| FLEEEEING.
 33516 | Shoals:2 | 33516 ||| FLEEEEING.
 33517 | Shoals:2 | 33517 ||| FLEEEEING.
 33528 | Shoals:2 | 33528 ||| Stepping ~*~*~tactically~*~*~ (hiding).
 33667 | Shoals:2 | 33667 ||| INVOKING Brothers in Arms.
 33673 | Shoals:2 | 33673 ||| INVOKING Berserk.
 33976 | Shoals:2 | 33976 ||| READING scroll of acquirement.
 33976 | Shoals:2 | 33976 ||| ACQUIRING +1 crystal plate armour of Distant
                  | Worlds {+Inv rElec Will-}
 33976 | Shoals:2 | Acquired the +1 crystal plate armour of Distant Worlds
                  | {+Inv rElec Will-}
 33978 | Shoals:2 | 33978 ||| DROPPING +0 ice dragon scales.
 33998 | Shoals:2 | 33998 ||| FLEEEEING.
 33999 | Shoals:2 | 33999 ||| FLEEEEING.
 34000 | Shoals:2 | 34000 ||| FLEEEEING.
 34001 | Shoals:2 | 34001 ||| FLEEEEING.
 34002 | Shoals:2 | 34002 ||| FLEEEEING.
 34003 | Shoals:2 | 34003 ||| STAIRDANCE
 34085 | Shoals:1 | 34085 ||| UPGRADING to +1 crystal plate armour of Distant
                  | Worlds {+Inv rElec Will-}.
 34095 | Shoals:1 | 34095 ||| DROPPING +1 plate armour of willpower.
 34098 | Shoals:2 | 34098 ||| INVOKING Brothers in Arms.
 34099 | Shoals:2 | 34099 ||| STAIRDANCE
 34163 | Shoals:2 | 34163 ||| INVOKING Brothers in Arms.
 34171 | Shoals:2 | 34171 ||| INVOKING Berserk.
 34744 | Shoals:3 | 34744 ||| INVOKING Berserk.
 34811 | Shoals:3 | 34811 ||| Stepping ~*~*~tactically~*~*~ (stealth).
 34811 | Shoals:3 | Identified the +1 ring mail "Mylam" {rC+}
 34812 | Shoals:3 | 34812 ||| INVOKING Trog's Hand.
 34814 | Shoals:3 | 34814 ||| INVOKING Berserk.
 34832 | Shoals:3 | 34832 ||| Stepping ~*~*~tactically~*~*~ (stealth).
 34834 | Shoals:3 | 34834 ||| Stepping ~*~*~tactically~*~*~ (stealth).
 34845 | Shoals:3 | 34845 ||| Stepping ~*~*~tactically~*~*~ (stealth).
 34867 | Shoals:3 | 34867 ||| Stepping ~*~*~tactically~*~*~ (stealth).
 34991 | Shoals:3 | Identified the ring of Gluttony {Int+6 Dex+6}
 34992 | Shoals:3 | Found a broken altar of Ashenzari.
 35021 | Shoals:3 | Found a frozen archway.
 35079 | Shoals:3 | 35079 ||| INVOKING Berserk.
 35091 | Shoals:3 | HP: 55/228 [merfolk javelineer/silver javelin (10)]
 35097 | Shoals:3 | HP: 51/228 [merfolk javelineer/silver javelin (1)]
 35526 | Shoals:3 | 35526 ||| INVOKING Berserk.
 35792 | Shoals:3 | Noticed a kraken
 35801 | Shoals:3 | Killed a kraken
 35903 | Shoals:3 | 35903 ||| READING scroll of enchant weapon.
 35903 | Shoals:3 | 35903 ||| ENCHANTING +1 broad axe of flaming.
 36187 | Shoals:3 | 36187 ||| PLANNING SNAKE:1-3
 36350 | Snake:1  | Entered Level 1 of the Snake Pit
 36469 | Snake:1  | 36469 ||| Stepping ~*~*~tactically~*~*~ (hiding).
 36474 | Snake:1  | Noticed Aizul
 36475 | Snake:1  | 36475 ||| INVOKING Trog's Hand.
 36476 | Snake:1  | 36476 ||| INVOKING Brothers in Arms.
 36480 | Snake:1  | 36480 ||| INVOKING Berserk.
 36485 | Snake:1  | Killed Aizul
 36502 | Snake:1  | Reached skill level 18 in Armour
 36643 | Snake:1  | Noticed Louise
 36644 | Snake:1  | 36644 ||| INVOKING Trog's Hand.
 36645 | Snake:1  | 36645 ||| INVOKING Brothers in Arms.
 36646 | Snake:1  | 36646 ||| INVOKING Berserk.
 36650 | Snake:1  | Killed Louise
 36657 | Snake:1  | Reached XP level 17. HP: 159/159 MP: 16/16
 36671 | Snake:1  | 36671 ||| Stepping ~*~*~tactically~*~*~ (hiding).
 36672 | Snake:1  | 36672 ||| Stepping ~*~*~tactically~*~*~ (hiding).
 36688 | Snake:1  | HP: 38/159 [naga warrior/+0 hand axe (5)]
 36689 | Snake:1  | 36689 ||| READING scroll of teleportation.
 36690 | Snake:1  | 36690 ||| DRINKING 5 potions of heal wounds.
 36693 | Snake:1  | HP: 37/159 [poisoned by a naga warrior (splash of poison)]
 37146 | Snake:1  | 37146 ||| Stepping ~*~*~tactically~*~*~ (hiding).
 37147 | Snake:1  | 37147 ||| Stepping ~*~*~tactically~*~*~ (hiding).
 37152 | Snake:1  | 37152 ||| INVOKING Berserk.
 37502 | Snake:1  | 37502 ||| UPGRADING to +0 tower shield.
 37512 | Snake:1  | 37512 ||| DROPPING +0 kite shield.
 37556 | Snake:2  | 37556 ||| INVOKING Berserk.
 37852 | Snake:2  | 37852 ||| Stepping ~*~*~tactically~*~*~ (stealth).
 37966 | Snake:2  | 37966 ||| Stepping ~*~*~tactically~*~*~ (stealth).
 37971 | Snake:2  | 37971 ||| Stepping ~*~*~tactically~*~*~ (stealth).
 37981 | Snake:2  | 37981 ||| FLEEEEING.
 37982 | Snake:2  | 37982 ||| FLEEEEING.
 37983 | Snake:2  | 37983 ||| FLEEEEING.
 38082 | Snake:2  | 38082 ||| Stepping ~*~*~tactically~*~*~ (stealth).
 38088 | Snake:2  | 38088 ||| FLEEEEING.
 38089 | Snake:2  | 38089 ||| FLEEEEING.
 38288 | Snake:2  | 38288 ||| Stepping ~*~*~tactically~*~*~ (stealth).
 38315 | Snake:2  | 38315 ||| Stepping ~*~*~tactically~*~*~ (stealth).
 38337 | Snake:2  | 38337 ||| Stepping ~*~*~tactically~*~*~ (stealth).
 38348 | Snake:2  | 38348 ||| Stepping ~*~*~tactically~*~*~ (hiding).
 38350 | Snake:2  | 38350 ||| Stepping ~*~*~tactically~*~*~ (hiding).
 38762 | Snake:2  | 38762 ||| INVOKING Berserk.
 38779 | Snake:2  | 38779 ||| INVOKING Brothers in Arms.
 38780 | Snake:2  | HP: 37/159 [poisoned by a naga ritualist (toxic radiance)]
 38781 | Snake:2  | 38781 ||| DRINKING 5 potions of heal wounds.
 38781 | Snake:2  | HP: 16/159 [naga ritualist/Olgreb's Toxic Radiance (3)]
 38782 | Snake:2  | 38782 ||| DRINKING 10 potions of curing.
 38782 | Snake:2  | 38782 ||| (to cure bad poison)
 38783 | Snake:2  | 38783 ||| DRINKING 4 potions of heal wounds.
 38783 | Snake:2  | HP: 6/159 [naga sharpshooter/arrow (10)]
 38784 | Snake:2  | 38784 ||| DRINKING 3 potions of heal wounds.
 38784 | Snake:2  | HP: 2/159 [naga ritualist/+0 hand axe (3)]
 38784 | Snake:2  | Killed from afar by a naga ritualist

Levels and vault maps discovered:
D:1:      lemuel_arrival_river_ford, layout_basic,
          hangedman_abyss_or_decor_lesser_grid
D:2:      minmay_skewed_foursquare, layout_loops_ring,
          wander_ebering_terrifying_dragon_lair, uniq_jessica, uniq_natasha
D:3:      layout_loops_cross, mainiacjoe_overflow_concentric_impassable,
          mainiacjoe_overflow_boulevard, serial_shops,
          nicolae_shop_window_shopping, ebering_ecumenical_altar_abandoned
D:4:      layout_loops_ring, mainiacjoe_overflow_divided_tiny,
          uniq_blork_the_orc
D:5:      layout_loops_ring, serial_glass, glass_columns_c, glass_columns_b,
          glass_columns_a, glass_columns_c, glass_columns_b, glass_columns_a,
          glass_columns_b, glass_columns_a, glass_columns_b, glass_columns_a,
          grunt_decor_resistance
D:6:      layout_loops_ring, mainiacjoe_overflow_alcove_1,
          minmay_temple_entry_arrows
D:7:      layout_layer_cave, mainiacjoe_overflow_paths,
          chequers_hall_statues_corner_a
D:8:      layout_basic
D:9:      layout_irregular_city, old_standard_altar, minmay_microvault
D:10:     layout_loops_ring, mainiacjoe_overflow_alcove_4, lair_entry_dummy,
          hiddenorc1_lemuel
D:11:     layout_gridville, serial_shops, nicolae_shop_statue_plus,
          serial_rivers, chequers_serial_rivers_micro_c,
          chequers_serial_rivers_small_3, chequers_serial_rivers_marsh,
          chequers_serial_rivers_room_b, chequers_serial_rivers_room_b,
          chequers_serial_rivers_small_a, nicolae_fountain_basement, uniq_lodul
D:12:     layout_long_grid, uniq_fannar
D:13:     layout_basic, erik_vaults_2, enter_trove_5, minivault_25, uniq_kirke,
          uniq_urug
D:14:     layout_basic, fiery_altar_vehumet
D:15:     grunt_enter_depths_hoard, layout_irregular_city,
          nicolae_ru_the_path_less_chosen, serial_shops, shop,
          minmay_misc_feat_tower
Lair:1:   layout_loops_ring, gammafunk_ghost_icy, grunt_megastairs_3,
          lemuel_fruit_tree
Lair:2:   layout_concentric_octagons, elwin_shoals_entry_rooms,
          dreamdust_mushroom_princess, serial_bayou_lagoon_a
Lair:3:   layout_chaotic_city, guppyfry_snake_entry_island,
          nicolae_quartered_pool_medium, serial_bayou_shore_b,
          serial_bayou_shore_b, infiniplex_staircase_pool_2
Lair:4:   layout_gridlike, grunt_megastairs_5
Lair:5:   due_jungle_book, layout_gridlike, slime_entry_1
Shoals:1: layout_shoals, nicolae_shoals_lost_giant_hut, uniq_mlioglotl
Shoals:2: layout_shoals, nicolae_shoals_this_corrosion
Shoals:3: layout_shoals, portal_ice_cave_entry_pillars_1, lemuel_altar_in_water,
          nicolae_shoals_lost_giant_temple
Snake:1:  layout_rooms, uniq_louise, uniq_aizul
Snake:2:  layout_onion, nicolae_snake_snake_lake, grunt_megastairs_1
Orc:1:    nicolae_orc_accident_2, layout_caves, basic_altar
Orc:2:    st_orc_rangers, layout_caves

Skill      XL: |  1  2  3  4  5  6  7  8  9 10 11 12 13 14 15 16 17 |
---------------+----------------------------------------------------+-----
Axes           | 4 5 6 7 8 9 12 13 15 16 18 | 18.0
Throwing       | 1 2 3 4 6 7 9 |  9.0
Fighting       | 4 5 6 8 9 12 13 15 16 | 16.4
Shields        | 2 3 4 5 7 9 10 12 14 15 16 | 16.5
Armour         | 3 4 7 8 10 12 14 18 | 18.8
Dodging        | 3 4 6 7 8 |  8.0

Action                   |  1- 3 |  4- 6 |  7- 9 | 10-12 | 13-15 | 16-18 || total
-------------------------+-------+-------+-------+-------+-------+-------++-------
Melee: Hand axe          |    26 |    68 |       |       |       |       ||    94
       Headbutt          |     4 |    13 |    33 |    90 |   192 |   131 ||   463
       War axe           |       |    25 |   224 |   402 |   284 |       ||   935
       Punch             |       |     1 |       |       |       |       ||     1
       Morningstar       |       |       |       |     3 |     3 |       ||     6
       Broad axe         |       |       |       |       |   416 |   571 ||   987
Throw: Boomerang         |    21 |    40 |    32 |    68 |    32 |       ||   193
       Javelin           |       |       |       |       |    25 |    25 ||    50
Invok: Berserk           |     2 |     8 |     9 |    25 |    22 |    17 ||    83
       Brothers in Arms  |       |       |       |       |     2 |     7 ||     9
       Trog's Hand       |       |       |       |       |     2 |     5 ||     7
  Use: Scroll            |     1 |     4 |    14 |     4 |    12 |     5 ||    40
       Potion            |     1 |     1 |     3 |       |     7 |     5 ||    17
 Stab: Petrified         |       |       |       |       |     2 |       ||     2
Armor: Animal skin       |     4 |       |       |       |       |       ||     4
       Robe              |       |    18 |       |       |       |       ||    18
       Chain mail        |       |       |    35 |       |       |       ||    35
       Ring mail         |       |       |     3 |       |       |       ||     3
       Plate armour      |       |       |    31 |   112 |   254 |    61 ||   458
       Crystal plate arm |       |       |       |       |       |   169 ||   169
Dodge: Dodged            |    10 |    33 |    86 |   141 |   332 |   187 ||   789
Block: Buckler           |       |       |    33 |    63 |   101 |       ||   197
       Kite shield       |       |       |       |       |   130 |   247 ||   377
       Tower shield      |       |       |       |       |       |    86 ||    86

Table legend:
 A = Non-vault XP
 B = Vault XP
 C = Vault XP percentage of total XP
 D = Non-vault monster count
 E = Vault monster count
 F = Vault count percentage of total count
                 A         B        C        D         E       F
            +---------+---------+-------+---------+---------+-------
      Total |  151924 |   41771 |  21.6 |     597 |     136 |  18.6
            +---------+---------+-------+---------+---------+-------
        D:1 |      34 |      37 |  52.1 |      18 |       1 |   5.3
        D:2 |     161 |      43 |  21.1 |      20 |       6 |  23.1
        D:3 |     354 |       0 |   0.0 |      29 |       0 |   0.0
        D:4 |     100 |      99 |  49.7 |      10 |       1 |   9.1
        D:5 |     967 |       0 |   0.0 |      16 |       0 |   0.0
        D:6 |     652 |       0 |   0.0 |      22 |       0 |   0.0
        D:7 |    1041 |       0 |   0.0 |      16 |       0 |   0.0
        D:8 |    1111 |       0 |   0.0 |      12 |       0 |   0.0
        D:9 |    2745 |     836 |  23.3 |      24 |       1 |   4.0
       D:10 |    1375 |     503 |  26.8 |      19 |      19 |  50.0
       D:11 |    3969 |    2731 |  40.8 |      15 |      11 |  42.3
       D:12 |    5015 |     896 |  15.2 |      17 |       1 |   5.6
       D:13 |    5120 |   10424 |  67.1 |      13 |      13 |  50.0
       D:14 |    5974 |       0 |   0.0 |      11 |       0 |   0.0
       D:15 |    4383 |    1741 |  28.4 |      12 |       2 |  14.3
     Lair:1 |    6645 |     205 |   3.0 |      24 |       1 |   4.0
     Lair:2 |    5217 |     301 |   5.5 |      19 |       1 |   5.0
     Lair:3 |    3642 |     160 |   4.2 |      14 |       1 |   6.7
     Lair:4 |    7057 |    1877 |  21.0 |      19 |       8 |  29.6
     Lair:5 |    8164 |   11131 |  57.7 |      22 |      21 |  48.8
   Shoals:1 |   19785 |    1846 |   8.5 |      37 |       1 |   2.6
   Shoals:2 |    5626 |       0 |   0.0 |       9 |       0 |   0.0
   Shoals:3 |   21995 |       0 |   0.0 |      43 |       0 |   0.0
    Snake:1 |   15474 |    2312 |  13.0 |      32 |       2 |   5.9
    Snake:2 |   14580 |    1496 |   9.3 |      36 |       3 |   7.7
      Orc:1 |    5279 |     680 |  11.4 |      44 |       5 |  10.2
      Orc:2 |    5459 |    4453 |  44.9 |      44 |      38 |  46.3
            +---------+---------+-------+---------+---------+-------
